 Dungeon Crawl Stone Soup version 0.31-a0-424-g41b3b0883d (webtiles) character file.

Game seed: 13676543780366789208

11 Ajdolov the Changeling (level 2, 0/14 HPs)
             Began as a Vine Stalker Shapeshifter on July 30, 2023.
             Slain by a kobold
             ... wielding a +2 dagger of electrocution
              (8 damage)
             ... on level 1 of the Dungeon.
             The game lasted 00:00:46 (220 turns).

Ajdolov the Changeling (Vine Stalker Shapeshifter)   Turns: 220, Time: 00:00:47

Health: 0/14       AC:  5    Str: 17    XL:     2   Next: 29%
Magic:  0/3        EV: 11    Int:  8    God:
Gold:   19         SH:  0    Dex: 14    Spells: 1/1 levels left

rFire   . .          .
                       - Unarmed
rCold   . . .        (no shield)
rNeg    . . .        f - +0 ring mail
rPois   .            (helmet currently unavailable)
rElec   .            (cloak currently unavailable)
rCorr   .            (gloves currently unavailable)
SInv    .            (boots currently unavailable)
Will    .....        (no amulet)
Stlth   +            (no ring)
HPRegen 0.22/turn    (no ring)
MPRegen 0.08/turn

%: guardian spirit
@: beast-form
A: beast (slay +2), fangs 2, magic shield, antimagic bite, no potion heal 2
a: Begin Untransformation


You were on level 1 of the Dungeon.
You were a hulking beast.
You visited 1 branch of the dungeon, and saw 1 of its levels.

You collected 19 gold pieces.

Inventory:

Armour
 f - a +0 ring mail (worn)
Talismans
 c - a beast talisman (active)
Scrolls
 a - a scroll of noise {unknown}
Potions
 b - a potion of lignification
 e - a potion of mutation {unknown}


   Skills:
 - Level 0.8 Fighting
 - Level 1.5 Dodging
 + Level 3.2 Unarmed Combat
 * Level 3.3 Shapeshifting


You had one spell level left.
You didn't know any spells.
Your spell library contained the following spells:

 Spells                   Type           Power      Damage    Failure   Level
 Foxfire                  Conj/Fire      0%         2x1d4     63%         1
 Plasma Beam              Fire/Air       0%         2x1d10    100%        6
 Starburst                Conj/Fire      0%         6d3       100%        6


Dungeon Overview and Level Annotations

Branches:
Dungeon (1/15)

Altars:


Innate Abilities, Weirdness & Mutations

You are a hulking beast.
Your limbs bulge with bestial killing power. (Slay +2)
You have extremely sharp teeth.
When hurt, damage is shared between your health and your magic reserves.
Your bite disrupts and absorbs the magic of your enemies.
Potions cannot restore your health.


Message History

You close the door.
A kobold opens the door.
The kobold throws a stone.
The stone hits you but does no damage.
The kobold throws a stone.
The stone hits you but does no damage.
The kobold throws a stone.
The stone barely misses you.
You hit the kobold.
You kill the kobold!
The dart slug bites you.
Things that are here:
a +0 club; 2 stones You punch the dart slug!
You bite the dart slug. You drain its power.
You feel invigorated.
The dart slug is almost dead.
You punch the dart slug!
You kill the dart slug!
You see here a dart slug corpse.
e - a glowing red potion You now have 19 gold pieces (gained 10).
You see here a +0 ring mail.
f - a +0 ring mail You start removing your armour.
You continue taking off your +0 leather armour. x4
You finish taking off your +0 leather armour.
You start putting on your armour.
You continue putting on your +0 ring mail. x5
You finish putting on your +0 ring mail.
You drop a +0 leather armour.
You pick up a book of Fire and begin reading...
You add the spells Foxfire, Plasma Beam and Starburst to your library.
A kobold comes into view.
It is wielding a +2 dagger of electrocution.
The kobold shouts!
A kobold comes into view. It is wielding a +0 dagger.
The kobold shouts!
An endoplasm comes into view.
The endoplasm quivers.
The kobold hits you with a +2 dagger of electrocution.
The kobold attacks as you move away!
The kobold hits you with a +2 dagger of electrocution.
You are electrocuted!
Ouch! That really hurt!
You die...

.##.######## .##.# #.
###'#### #.. .#.....#
#.# .#.....# #.# #
.#.....#######.#######.#
.#.....#..##............
.#...##.#..#...........#
.#†..#.###.#....hKK.J..#
......#.#.##...........#
.....###.#.#...........#
....[.#.##...#####+#...#
.......[.....# ..#
.#........##.# .#
##........##.# #
#........##.#
#........##.#


You could see an endoplasm and 2 kobolds.

Vanquished Creatures
  2 dart slugs (D:1)
  An endoplasm (D:1)
  A goblin (D:1)
  A hobgoblin (D:1)
  2 kobolds (D:1)
7 creatures vanquished.

Notes
Turn   | Place    | Note
-------+----------+-------------------------------------------
     0 | D:1      | Ajdolov the Vine Stalker Shapeshifter began the quest for
                  | the Orb.
     0 | D:1      | Reached XP level 1. HP: 9/9 MP: 2/2
    96 | D:1      | Reached XP level 2. HP: 3/14 MP: 0/3
   220 | D:1      | Slain by a kobold

Illustrated notes

Levels and vault maps discovered:
D:1:      scummos_arrival_checkerplants, layout_basic,
          hellmonk_ecumenical_altar_run_dry, minmay_tripent

Action                     || total
---------------------------++-------
  Melee: Unarmed           ||    12
         Bite              ||     4
 Armour: Leather armour    ||     5
  Dodge: Dodged            ||     7

Table legend: (Time is in decaauts)
 A = Elapsed time spent in this place.
 B = Non-inter-level travel time spent in this place.
 C = Inter-level travel time spent in this place.
 D = Time resting spent in this place.
 E = Time spent auto-exploring this place.
 F = Levels seen in this place.
 G = Mean time per level.
                   A        B        C        D        E       F      G
               +--------+--------+--------+--------+--------+-----+--------+
         Total |    219 |    219 |      0 |      0 |    113 |   1 |  219.0 |
       Dungeon |    219 |    219 |      0 |      0 |    113 |   1 |  219.0 |
               +--------+--------+--------+--------+--------+-----+--------+

Top non-repeatable levels by time:
     D:1: 219 daAuts
